cohdb
Replays
Latest Replays
All Replays
Popular Replays
Top Player Replays
Match Explorer
How It Works
Community
CoH3 Stats
Reddit
Sign in to upload your games and track your stats! →
Sign in with Steam
Match 38905322
Unlisted
Match 38905322
Overview
Messages
Build Orders
End
Kradschützen Motorcycle Team
Selects Italian Combined Arms Battlegroup
Selects Bersaglieri Squad
Bersaglieri Squad
Bersaglieri Squad
Construct Light Support Kompanie
MG34 Team
Selects Bersaglieri Bolster
MG34 Team
Fire Support Elements
Panzerjäger Mechanized Group
Combat Half-tracks
Selects Breda Model 30 Light Machine Guns
Veteran Squad Leaders
Flakvierling Half-track
Selects Semovente da 75/18 Assault Gun
Panzerjäger Mechanized Group
Construct Panzerarmee Kommand
Panzer III L Medium Tank
Panzer III L Medium Tank
Semovente da 75/18 Assault Gun
Selects Strafing Run
Selects Artillery Cover
Artillery Cover
Panzerjäger Mechanized Group
AI Takeover
J1MB0
BIOHAZARD
0
0
Comments
sign in to comment!
No comments posted yet!